Map: Ascension to Aiur LE

Players

MightyKiwi

  • Race: Zerg Zerg
  • Spawn Location: 5:00

BackupA (Rob) - Winner!

  • Race: Protoss Protoss
  • Spawn Location: 11:00

Event: WCS Montreal 2017

VOD

Have the link to the VOD?

Description

Time

  • Played on: Sept. 8, 2017, 3:10 p.m.
  • Length: 21:37

All games in this series

Show
View Real Time Build Order
Export as new Build Order

MightyKiwi Zerg 

Build Orders: Hatch First 

Get SALT Encoding   

  12  0:00  Drone  
  13  0:13  Overlord  
  13  0:18  Drone  
  14  0:31  Drone x2  
  16  0:49  Hatchery  
  15  0:51  Drone  
  15  0:56  Drone  
  17  0:59  Extractor  
  17  1:03  Drone  
  17  1:16  Spawning Pool  
  16  1:18  Drone  
  16  1:24  Drone  
  18  1:34  Drone  
  18  1:39  Overlord  
  19  1:54  Drone  
  19  2:01  Drone  
  21  2:02  Metabolic Boost  
  21  2:03  Queen  
  21  2:04  Zergling x2  
  24  2:11  Drone x2  
  26  2:16  Queen  
  26  2:22  Drone x2  
  30  2:33  Overlord  
  30  2:34  Drone  
  31  2:38  Queen  
  33  2:54  Hatchery  
  33  2:58  Pneumatized Carapace  
  32  2:59  Drone  
  32  3:02  Drone  
  32  3:05  Drone x2  
  36  3:08  Zergling x2  
  37  3:16  Overlord  
  37  3:18  Drone x2  
  39  3:20  Drone x2  
  41  3:29  Zergling x6  
  44  3:35  Spore Crawler, Drone  
  44  3:37  Spore Crawler, Drone  
  44  3:40  Drone  
  46  3:48  Drone x5  
  50  3:58  Spore Crawler  
  50  4:00  Extractor  
  50  4:01  Evolution Chamber, Lair  
  47  4:03  Drone  
  47  4:04  Extractor  
  47  4:07  Drone  
  47  4:08  Drone x2  
  50  4:14  Baneling Nest  
  50  4:15  Overlord  
  48  4:18  Drone  
  48  4:19  Drone  
  49  4:28  Drone x2  
  49  4:29  Drone x4  
  55  4:36  Queen  
  55  4:47  Zergling x14  
  61  4:54  Overlord  
  61  4:58  Zerg Melee Weapons Level 1  
  61  5:01  Drone  
  61  5:02  Hydralisk Den, Drone x3  
  61  5:04  Extractor  
  63  5:08  Drone x3  
  63  5:10  Overlord  
  66  5:17  Drone x4  
  66  5:18  Drone  
  67  5:36  Muscular Augments  
  67  5:42  Hydralisk x5  
  66  5:46  Drone x3  
  66  5:49  Extractor  
  76  5:51  Overlord x2  
  76  5:52  Hydralisk  
  76  5:53  Hydralisk  
  80  5:57  Hydralisk  
  80  5:59  Overlord  
  82  6:05  Overlord  
  82  6:07  Overlord  
  82  6:09  Overlord  
  82  6:11  Drone x4  
  86  6:13  Extractor  
  86  6:14  Centrifical Hooks  
  85  6:24  Zergling x10  
  85  6:25  Zergling x6  
  93  6:32  Hatchery  
  92  6:35  Drone x2  
  92  6:36  Drone  
  92  6:38  Drone  
  92  6:39  Drone  
  97  6:43  Hydralisk  
  97  6:44  Hydralisk  
  97  6:47  Hydralisk  
  101  6:48  Hydralisk  
  101  6:50  Hydralisk  
  103  6:57  Hydralisk x2  
  105  7:07  Zergling x2  
  105  7:08  Zergling x16  
  114  7:13  Zerg Melee Weapons Level 2  
  114  7:19  Overlord x3  
  114  7:21  Baneling x3  
  114  7:22  Baneling x6  
  114  7:23  Baneling  
  114  7:32  Baneling x6  
  114  7:33  Overlord  
  114  7:37  Overlord  
  108  7:48  Zergling x22  
  91  7:59  Hydralisk x7  
  105  8:11  Hydralisk x5  
  112  8:17  Hydralisk x2  
  114  8:31  Queen  
  114  8:32  Hydralisk  
  114  8:33  Hydralisk x3  
  120  8:36  Queen  
  120  8:39  Spore Crawler  
  99  8:52  Hydralisk x6  
  99  8:54  Drone  
  99  8:55  Drone x2  
  106  9:06  Overlord  
  106  9:07  Drone x5  
  106  9:08  Drone x2  
  106  9:09  Hydralisk  
  115  9:18  Hydralisk x3  
  115  9:19  Hydralisk  
  115  9:22  Overseer  
  123  9:24  Overlord  
  123  9:27  Zergling x8  
  127  9:32  Queen  
  127  9:34  Zerg Missile Weapons Level 1  
  127  9:36  Zergling x6  
  131  9:40  Baneling x4  
  131  9:41  Baneling x5  
  131  9:42  Baneling  
  131  9:44  Baneling x4  
  131  9:47  Zergling x2  
  131  9:48  Zergling x4  
  134  9:53  Zergling x2  
  134  9:54  Zergling x8  
  139  10:00  Zergling x12  
  145  10:08  Overlord  
  145  10:11  Overlord  
  145  10:19  Hydralisk  
  145  10:20  Hydralisk x5  
  142  10:34  Hydralisk  
  142  10:35  Hydralisk x5  
  143  10:41  Hydralisk x5  
  117  10:45  Queen  
  117  10:48  Infestation Pit  
  114  10:51  Spore Crawler, Queen  
  114  10:56  Queen  
  117  11:03  Drone x4  
  117  11:04  Drone  
  122  11:09  Zergling x14  
  128  11:27  Queen  
  128  11:31  Queen  
  128  11:32  Overlord  
  132  11:39  Overlord x2  
  132  11:40  Spine Crawler x3  
  132  11:41  Hatchery  
  132  11:43  Hydralisk x3  
  134  11:49  Burrow  
  134  11:50  Overlord x2  
  131  12:02  Hydralisk x6  
  135  12:23  Overlord  
  135  12:24  Overlord  
  135  12:27  Pathogen Glands  
  135  12:28  Overlord  
  135  12:31  Drone x2  
  135  12:32  Drone x2  
  135  12:35  Zergling x2  
  135  12:36  Zergling x16  
  148  12:46  Baneling x5  
  148  12:47  Baneling x10  
  148  12:54  Queen  
  150  13:16  Infestor x7  
  163  13:28  Hydralisk x6  
  163  13:29  Drone x10  
  175  13:46  Spore Crawler  
  175  13:47  Drone x5  
  174  13:51  Spore Crawler, Drone x2  
  174  14:08  Zergling x14  
  181  14:19  Queen x2  
  181  14:20  Hydralisk Den  
  181  14:21  Overlord x3  
  184  14:25  Baneling  
  184  14:26  Neural Parasite, Baneling x4  
  169  14:42  Zergling x12  
  169  14:43  Zergling x14  
  177  15:08  Extractor x2  
  175  15:14  Hatchery  
  151  15:26  Hydralisk  
  151  15:27  Hydralisk x11  
  133  15:46  Hydralisk x4  
  137  16:02  Hydralisk x8  
  153  16:29  Hydralisk x11  
  120  16:55  Hydralisk x4  
  120  16:56  Hydralisk x5  
  120  17:10  Hydralisk x5  
  130  17:16  Queen  
  132  17:25  Hydralisk  
  132  17:26  Hydralisk x2  
  112  18:00  Hydralisk x12  
  128  18:13  Hydralisk x4  
  134  18:34  Hydralisk x7  
  135  18:43  Hydralisk x3  
  141  18:48  Lair  
  138  19:15  Hatchery  
  131  19:47  Hydralisk Den  
  130  20:29  Hydralisk x2  
  132  20:36  Overlord x4  
  132  20:40  Spawning Pool  
  91  20:58  Hatchery  
Show
View Real Time Build Order
Export as new Build Order

BackupA Protoss - Winner!

Build Orders: 1 Gate Expand, Oracle Opening, Carriers 

Get SALT Encoding   

  12  0:01  Probe (Chrono Boost)  
  13  0:11  Probe (Chrono Boost)  
  14  0:19  Pylon  
  14  0:22  Probe (Chrono Boost)  
  15  0:37  Probe (Chrono Boost)  
  16  0:46  Gateway  
  16  0:49  Assimilator, Probe (Chrono Boost)  
  17  1:00  Probe (Chrono Boost)  
  18  1:10  Probe (Chrono Boost)  
  19  1:21  Probe (Chrono Boost)  
  20  1:26  Nexus  
  20  1:31  Probe (Chrono Boost)  
  21  1:39  Cybernetics Core  
  21  1:42  Probe (Chrono Boost)  
  22  1:47  Assimilator  
  22  1:53  Probe (Chrono Boost)  
  23  1:57  Pylon  
  23  2:15  Probe (Chrono Boost), Adept (Chrono Boost)  
  24  2:16  Warp Gate  
  26  2:27  Probe  
  27  2:34  Stargate  
  27  2:36  Probe  
  27  2:39  Probe (Chrono Boost), Adept (Chrono Boost)  
  31  2:48  Probe (Chrono Boost)  
  33  2:51  Probe (Chrono Boost)  
  33  2:59  Probe (Chrono Boost)  
  33  3:02  Probe (Chrono Boost)  
  35  3:07  Adept  
  35  3:10  Probe (Chrono Boost)  
  35  3:12  Probe (Chrono Boost)  
  39  3:17  Oracle (Chrono Boost)  
  39  3:19  Probe  
  41  3:23  Probe  
  43  3:28  Gateway  
  43  3:29  Gateway  
  43  3:30  Probe  
  44  3:35  Probe  
  44  3:38  Pylon  
  44  3:41  Probe  
  46  3:51  Assimilator  
  46  3:54  Probe  
  46  3:55  Assimilator  
  46  3:56  Probe  
  46  3:57  Oracle (Chrono Boost)  
  51  4:05  Probe  
  51  4:08  Probe  
  53  4:15  Probe  
  53  4:16  Nexus  
  53  4:21  Probe  
  53  4:22  Pylon  
  53  4:26  Probe  
  51  4:33  Probe  
  51  4:34  Adept  
  51  4:36  Pylon  
  54  4:52  Stargate, Probe  
  54  4:53  Stargate  
  54  4:54  Probe, Pylon  
  54  4:56  Pylon  
  54  4:58  Oracle (Chrono Boost)  
  59  5:03  Probe  
  59  5:04  Pylon  
  59  5:06  Probe  
  61  5:08  Pylon  
  61  5:10  Pylon  
  61  5:14  Adept  
  61  5:15  Probe  
  61  5:18  Probe  
  65  5:25  Adept  
  65  5:26  Probe, Sentry  
  70  5:29  Phoenix (Chrono Boost)  
  70  5:30  Probe  
  73  5:37  Probe  
  73  5:42  Probe  
  75  5:47  Probe  
  75  5:48  Adept x2  
  80  5:54  Probe, Oracle (Chrono Boost)  
  80  5:55  Oracle (Chrono Boost)  
  90  5:57  Oracle (Chrono Boost)  
  90  5:58  Probe  
  91  6:08  Probe  
  91  6:09  Probe x2  
  91  6:11  Assimilator  
  94  6:15  Assimilator  
  94  6:19  Pylon  
  94  6:20  Probe  
  94  6:21  Probe  
  94  6:25  Oracle (Chrono Boost)  
  99  6:28  Gateway  
  99  6:30  Gateway  
  99  6:34  Probe x2, Gateway x2  
  99  6:37  Oracle x2 (Chrono Boost)  
  107  6:40  Probe  
  107  6:43  Pylon  
  107  6:46  Probe  
  109  6:48  Twilight Council  
  109  6:50  Forge  
  109  6:56  Oracle (Chrono Boost)  
  109  7:09  Oracle (Chrono Boost)  
  109  7:12  Oracle (Chrono Boost)  
  109  7:15  Zealot x3  
  121  7:20  Protoss Ground Weapons Level 1  
  121  7:21  Pylon  
  121  7:24  Mothership Core  
  121  7:26  Charge (Chrono Boost)  
  123  7:31  Photon Cannon  
  123  7:35  Pylon  
  123  7:42  Pylon  
  123  7:43  Adept  
  123  7:44  Adept x6  
  105  8:00  Oracle  
  108  8:08  Templar Archives  
  108  8:11  Zealot x2  
  108  8:12  Zealot x5  
  122  8:16  Pylon  
  122  8:19  Oracle  
  122  8:20  Oracle  
  128  8:27  Nexus  
  128  8:33  Nexus  
  128  8:40  Oracle  
  122  8:55  Oracle  
  116  8:58  Oracle  
  122  9:07  Probe x2  
  124  9:10  Pylon  
  124  9:13  Pylon  
  124  9:19  Probe  
  124  9:20  Oracle  
  124  9:23  High Templar  
  130  9:26  Pylon x2  
  130  9:34  Photon Cannon  
  130  9:35  High Templar, Zealot x3  
  138  9:46  Oracle  
  138  9:48  Probe  
  138  9:50  Probe x2  
  144  10:05  Assimilator  
  144  10:07  High Templar x2  
  144  10:08  Assimilator, Zealot x4  
  156  10:15  Archon x2  
  142  10:30  Zealot x5  
  141  10:40  Psionic Storm  
  130  10:50  High Templar  
  130  10:51  High Templar, Nexus  
  130  10:55  Pylon  
  134  10:57  Zealot x5  
  134  10:59  Protoss Ground Armor Level 1  
  144  11:13  Assimilator  
  144  11:16  Forge  
  144  11:17  High Templar  
  144  11:18  High Templar  
  148  11:30  High Templar x2, Zealot x2  
  148  11:31  Zealot  
  150  11:42  Photon Cannon  
  150  11:43  Photon Cannon, Pylon  
  150  11:47  Pylon  
  150  11:48  Photon Cannon  
  150  12:03  Zealot x7  
  158  12:24  Fleet Beacon  
  158  12:27  Stargate  
  158  12:28  Stargate  
  158  12:30  High Templar x3  
  158  12:31  High Templar  
  166  12:46  Photon Cannon  
  166  12:49  Photon Cannon  
  166  12:54  Photon Cannon  
  166  12:56  Photon Cannon  
  166  12:59  Photon Cannon  
  166  13:01  Nexus  
  166  13:04  Pylon  
  157  13:20  Carrier x2 (Chrono Boost)  
  157  13:21  Carrier (Chrono Boost)  
  151  13:43  Carrier (Chrono Boost)  
  163  13:48  Photon Cannon, Carrier (Chrono Boost)  
  163  13:49  Photon Cannon  
  159  14:02  Assimilator  
  159  14:07  Assimilator  
  150  14:10  Photon Cannon  
  150  14:26  High Templar x4  
  150  14:37  Zealot x3  
  160  14:39  Carrier x2 (Chrono Boost)  
  152  14:46  Archon  
  152  14:47  Archon  
  135  15:02  Carrier (Chrono Boost)  
  135  15:04  Protoss Air Weapons Level 1, Carrier (Chrono Boost)  
  153  15:12  Carrier (Chrono Boost)  
  153  15:13  Zealot x3  
  153  15:28  Zealot x3  
  153  15:42  Zealot  
  132  15:49  Carrier (Chrono Boost), Zealot x2  
  129  15:53  Carrier (Chrono Boost)  
  137  15:58  High Templar  
  133  16:12  High Templar x3  
  131  16:32  Graviton Catapult (Chrono Boost)  
  131  16:46  Archon  
  131  16:47  Carrier  
  131  16:50  Archon  
  137  17:32  Nexus  
  135  17:58  Oracle  
  128  18:51  High Templar  
  128  18:52  High Templar x2  
  134  19:01  Assimilator, Pylon  
  134  19:02  Pylon  
  134  19:05  Assimilator  
  134  19:21  Carrier  
  136  19:40  Photon Cannon  
  136  19:41  Photon Cannon  
  136  19:46  Photon Cannon  
  136  19:48  Photon Cannon  
  136  19:55  Mothership Core  
  138  20:05  Zealot x5  
  138  20:06  Zealot  
  116  21:01  Zealot  
  118  21:10  Archon  
  122  21:36  Photon Cannon  
Tags
 
Add a new tag
Caveats
  • Supply blocks, unpowered buildings, or Contaminate may cause inaccurate times.
  • Supply counts are checked every 10 seconds.